 Dungeon Crawl Stone Soup version 0.22-a0-565-gfc6459a (webtiles) character file.

713 KristoblXynda the Slasher (level 7, -10/60 HPs)
             Began as a Naga Gladiator on June 28, 2018.
             Was an Initiate of Yredelemnul.
             Mangled by an ogre
             ... wielding a +0 giant spiked club
              (16 damage)
             ... on level 5 of the Dungeon.
             The game lasted 00:09:16 (5018 turns).

KristoblXynda the Slasher (Naga Gladiator)          Turns: 5018, Time: 00:09:17

Health: -10/60     AC:  8    Str: 18    XL:     7   Next: 69%
Magic:  7/7        EV: 10    Int:  9    God:    Yredelemnul [......]
Gold:   297        SH:  0    Dex: 12    Spells: 6/6 levels left

rFire    . . .     SeeInvis +   a - +1 long sword
rCold    + + .     Gourm    .   (no shield)
rNeg     . . .     Faith    .   s - +0 ring mail
rPois    +         Spirit   .   c - +1 helmet
rElec    .         Reflect  .   (no cloak)
rCorr    .         Harm     .   r - +0 pair of gloves
MR       +....                  (no barding)
Stlth    ++........             (no amulet)
HPRegen  0.20/turn              i - ring "Cuhij" {*Contam rC++ MR+}
MPRegen  0.10/turn              (no ring)

@: very slow
A: large, see invisible, deformed body, poison resistance, slowness 2, slow
metabolism 1, spit poison 1, AC +2
a: Spit Poison, Renounce Religion


You were on level 5 of the Dungeon.
You worshipped Yredelemnul.
Yredelemnul was noncommittal.
You were hungry.

You visited 2 branches of the dungeon, and saw 6 of its levels.

You collected 297 gold pieces.

Inventory:

Hand Weapons
 a - a +1 long sword (weapon)
Missiles
 d - 2 throwing nets (quivered)
Armour
 c - a +1 helmet (worn)
 r - a +0 pair of gloves (worn)
 s - a +0 ring mail (worn)
Jewellery
 i - the ring "Cuhij" (left hand) {*Contam rC++ MR+}
   (You found it on level 5 of the Dungeon)

   [ring of protection from magic]

   It greatly protects you from cold.
   It affects your resistance to hostile enchantments.
   It causes magical contamination when unequipped.
Scrolls
 e - 3 scrolls of teleportation
 j - a scroll of enchant weapon
 k - a scroll of enchant armour
 p - a scroll of identify
 t - a scroll of amnesia
Potions
 g - 2 potions of curing
 h - 3 potions of flight
 m - a potion of agility
 n - a potion of resistance {unknown}
 o - 2 potions of brilliance
 q - a potion of haste {unknown}
Comestibles
 b - 3 chunks of flesh
 f - 9 rations


   Skills:
 - Level 2.0 Fighting
 * Level 6.1 Long Blades
 - Level 2.0 Throwing
 + Level 2.6 Armour
 + Level 3.8 Dodging
 + Level 5.1 Stealth


You had 6 spell levels left.
You didn't know any spells.
Your spell library was empty.

Dungeon Overview and Level Annotations

Branches:
Dungeon (5/15)             Temple (1/1) D:4

Altars:
Fedhas
Makhleb
Nemelex Xobeh
Qazlal
Ru
Sif Muna
Wu Jian
Xom
Yredelemnul
The Shining One
Lugonu

Annotations:
D:5 Prince Ribbit


Innate Abilities, Weirdness & Mutations

You cannot wear boots.
Your serpentine skin is tough. (AC +2)
You have supernaturally acute eyesight. (SInv)
Armour fits poorly on your strangely shaped body.
Your system is resistant to poisons. (rPois)
You cover ground very slowly.
You have a slow metabolism.
You can spit poison.


Message History

The centaur misses you.
You slash the ogre!
The ogre is heavily wounded.
The centaur closely misses you.
You riposte.
You slash the centaur!
The centaur is moderately wounded.
The ogre struggles against the net.
The centaur barely misses you.
The ogre struggles against the net.
You hit the ogre.
The ogre is heavily wounded.
The centaur hits you but does no damage.
The ogre struggles against the net.
The net rips apart, and the ogre comes free!
You hit the ogre.
The ogre is severely wounded.
The centaur zaps a wand.
The puff of flame hits you!
* * * LOW HITPOINT WARNING * * *
The centaur barely misses you.
The ogre hits you with a giant spiked club!
You die...
Your body rises from the dead as a mindless zombie.

...
#########
...
#.@.....#
...
#.Oc....#
...
#..5....#
...
#(......#
...
#.........#
...
#.......#.#
#.......# .
#.......#
#########


You could see an ogre, a centaur and a crimson imp.

Vanquished Creatures
  Menkaure (D:4)
  A sky beast (D:4)
  A crimson imp (D:4)
  A centaur skeleton (D:5)
  A hound (D:4)
  3 orc priests (D:4)
  2 orc wizards
  An iguana (D:4)
  2 worker ants (D:5)
  A worker ant zombie (D:5)
  9 adders
  3 worms
  2 dart slugs (D:1)
  3 leopard geckos
  11 orcs
  5 giant cockroaches
  5 goblins
  2 hobgoblins
  11 jackals
  2 quokkas
  6 bats
  4 frilled lizards
  3 kobolds
  8 rats
88 creatures vanquished.

Notes
Turn   | Place    | Note
-------+----------+-------------------------------------------
     0 | D:1      | KristoblXynda the Naga Gladiator began the quest for the Orb.
     0 | D:1      | Reached XP level 1. HP: 19/19 MP: 1/1
   358 | D:1      | Reached XP level 2. HP: 26/26 MP: 2/2
  1194 | D:2      | Reached skill level 1 in Stealth
  1194 | D:2      | Reached XP level 3. HP: 23/32 MP: 3/3
  1478 | D:2      | Found a glowing golden altar of the Shining One.
  1566 | D:2      | Reached XP level 4. HP: 22/39 MP: 4/4
  1755 | D:2      | Found a shimmering altar of Xom.
  1755 | D:2      | Found a burning altar of Makhleb.
  1887 | D:2      | Reached skill level 4 in Long Blades
  1974 | D:2      | Reached skill level 1 in Armour
  2967 | D:4      | Reached XP level 5. HP: 45/45 MP: 5/5
  3054 | D:4      | Found a staircase to the Ecumenical Temple.
  3092 | Temple   | Entered the Ecumenical Temple
  3444 | Temple   | Became a worshipper of Yredelemnul the Dark
  3601 | D:4      | Found an ornate altar of the Wu Jian Council.
  3625 | D:4      | Reached XP level 6. HP: 37/52 MP: 6/6
  3656 | D:4      | Noticed a sky beast
  3686 | D:4      | Killed a sky beast
  3686 | D:4      | Reached skill level 5 in Long Blades
  4077 | D:4      | Noticed Menkaure
  4091 | D:4      | Killed Menkaure
  4091 | D:4      | Reached XP level 7. HP: 60/60 MP: 7/7
  4269 | D:5      | Entered Level 5 of the Dungeon
  4427 | D:5      | Noticed Prince Ribbit
  4877 | D:5      | Got a wavering lead ring
  4878 | D:5      | Identified the ring "Cuhij" {*Contam rC++ MR+} (You found it on level 5 of the Dungeon)
  4894 | D:5      | Reached skill level 5 in Stealth
  4927 | D:5      | Reached skill level 6 in Long Blades
  5018 | D:5      | Mangled by an ogre

Vault maps used:
D:1:      sevenhm_arrival_forest_fort_large_4
D:2:      gammafunk_temple_overflow_wave, tso_altar
D:3:      feat_on_display
D:4:      lemuel_round_altar, minmay_temple_entry_grid, first_ration,
          uniq_menkaure
D:5:      overflow_temple_1_default, uniq_prince_ribbit1, uniq_edmund
Temple:   corrupted_temple

Skill      XL: |  1  2  3  4  5  6  7 |
---------------+----------------------+-----
Throwing       | 2 |  2.0
Stealth        | 1 2 3 4 5 |  5.1
Long Blades    | 4 5 6 |  6.1
Armour         | 1 2 |  2.6
Dodging        | 3 |  3.8
Fighting       | |  2.0

Action                   |  1- 3 |  4- 6 |  7- 9 || total
-------------------------+-------+-------+-------++-------
Melee: Long sword        |    80 |   109 |    90 ||   279
Throw: Throwing net      |       |     2 |     1 ||     3
 Abil: Spit Poison       |       |    13 |     9 ||    22
  Use: Scroll            |       |    12 |     4 ||    16
       Potion            |       |     4 |     1 ||     5
 Stab: Sleeping          |       |     4 |     1 ||     5
  Eat: Chunk             |     1 |     4 |     3 ||     8
       Ration            |       |     1 |       ||     1
Armor: Leather armour    |    23 |    45 |       ||    68
       Ring mail         |       |       |    66 ||    66
Dodge: Dodged            |    61 |    73 |    85 ||   219
       Rpst.: Long sword |    18 |    25 |    19 ||    62

Table legend:
 A = Spawn XP
 B = Non-spawn XP
 C = Spawn XP percentage of total XP
 D = Spawn monster count
 E = Non-spawn monster count
 F = Spawn count percentage of total count
 G = Total turns spent on level
                    A         B        C        D         E        F      G
               +---------+---------+-------+---------+---------+-------+---------
         Total |       0 |    1019 |   0.0 |       0 |      88 |   0.0 |  5018
               +---------+---------+-------+---------+---------+-------+---------
           D:1 |       0 |      32 |   0.0 |       0 |      18 |   0.0 |  1149
           D:2 |       0 |      90 |   0.0 |       0 |      22 |   0.0 |   942
           D:3 |       0 |      40 |   0.0 |       0 |      12 |   0.0 |   760
           D:4 |       0 |     635 |   0.0 |       0 |      20 |   0.0 |  1522
           D:5 |       0 |     222 |   0.0 |       0 |      16 |   0.0 |   277
               +---------+---------+-------+---------+---------+-------+---------
